 Dungeon Crawl Stone Soup version 0.32-a0-886-g41c5271027 (webtiles) character file.

Game seed: 1455565994746072995

312 fly the Covert (level 6, -8/37 HPs)
             Began as a Kobold Delver on Apr 2, 2024.
             Was a Follower of Uskayaw.
             Mangled by a +7 spectral club (9 damage)
             ... created by Jessica
             ... on level 2 of the Dungeon.
             The game lasted 00:02:25 (1513 turns).

fly the Covert (Kobold Delver)                      Turns: 1513, Time: 00:02:26

Health: -8/37      AC:  3    Str: 16    XL:     6   Next: 70%
Magic:  6/6        EV: 13    Int: 11    God:    Uskayaw [*.....]
Gold:   105        SH:  4    Dex: 18    Spells: 5/5 levels left

rFire   . . .        a - +0 short sword
rCold   . . .        v - +0 buckler
rNeg    . . .        y - +0 leather armour
rPois   .            (no helmet)
rElec   .            (no cloak)
rCorr   .            (no gloves)
SInv    .            (no boots)
Will    .....        m - amulet of regeneration
Stlth   +++++        k - +6 ring of strength
HPRegen 1.06/turn    (no ring)
MPRegen 0.10/turn

%: no passive effects
@: on berserk cooldown, slowed, very slow
A: small, no large weapons, nightstalker 3
a: Renounce Religion, Stomp


You were on level 2 of the Dungeon.
You worshipped Uskayaw.
Uskayaw was noncommittal.
You visited 1 branch of the dungeon, and saw 5 of its levels.

You collected 105 gold pieces.

Inventory:

Hand Weapons
 a - a +0 short sword (weapon)
 b - a +2 spectral quarterstaff
Missiles
 h - 5 poisoned darts (quivered)
Armour
 v - a +0 buckler (worn)
 y - a +0 leather armour (worn)
Jewellery
 k - a +6 ring of strength (left hand)
 m - an amulet of regeneration (around neck)
Wands
 g - a wand of digging (3)
Scrolls
 c - 2 scrolls of fog
 d - a scroll of revelation
 e - a scroll of enchant weapon {unknown}
 i - a scroll of torment
 j - a scroll of identify {unknown}
 l - a scroll of blinking
Potions
 f - a potion of berserk rage


   Skills:
 + Level 3.2 Fighting
 + Level 6.4 Short Blades
 + Level 2.4 Dodging
 + Level 9.2 Stealth
 + Level 0.0 Shields
 + Level 0.0 Invocations


You had 5 spell levels left.
You didn't know any spells.
Your spell library contained the following spells:

 Spells                   Type           Power      Damage    Failure   Level
 Sandblast                Erth           0%         2d4       52%         1
 Stone Arrow              Conj/Erth      0%         3d7       87%         3
 Anguish                  Hex/Necr       0%         N/A       99%         4
 Brom's Barrelling Bould  Conj/Erth      0%         2d3       99%         4
 Cause Fear               Hex            0%         N/A       99%         4
 Enfeeble                 Hex            0%         N/A       100%        7


Dungeon Overview and Level Annotations

Branches:
Dungeon (5/15)
 Temple: D:4-7

Altars:
Sif Muna
Uskayaw
Wu Jian

Annotations:
D:2 Jessica


Innate Abilities, Weirdness & Mutations

You are small and have problems with some larger weapons.
You are completely attuned to the shadows.


Message History

You feel a strong urge to attack something.
The +7 spectral club disappears.
Jessica gestures wildly while chanting.
Jessica blinks!
You feel your anger nearly subside.
Unknown command.
You are no longer berserk.
You are exhausted.
You feel yourself slow down.
You closely miss Jessica.
Jessica is moderately wounded.
Jessica barely misses you. The +7 spectral club hits you.
* * * LOW HITPOINT WARNING * * *
Jessica hits you with a +7 spectral club!
* * * LOW HITPOINT WARNING * * *
The +7 spectral club misses you.
A +7 spectral club comes into view.
Unknown command.
Unknown command.
Okay, then.
Okay, then.
Blink to where?
Press: ? - help, Dir - move target
As you read the scroll labelled OHYNOP ZAKKU, it crumbles to dust.
It was a scroll of blinking.
Okay, then.
You can't wield that with only one hand.
Unknown command.
Okay, then.
Okay, then.
Okay, then.
Jessica gestures wildly while chanting.
Jessica blinks!
You hit Jessica.
Jessica is heavily wounded.
Jessica hits you with a +7 spectral club!
* * * LOW HITPOINT WARNING * * *
The +7 spectral club hits you!
You die...
Your body falls in perfect tune with the rhythm.

##### #... ..####..#
...$.#..@#### ######..
.....#.(@#... #.......
.....#...#####. #.......
.........#####.###....)..
......#.......#...#.).....
......#.......#...#.......
............###...........
#........##.###...........
#..(..$...................


You could see a +7 spectral club (wandering) and Jessica (fast).

Vanquished Creatures
  Sigmund (D:3)
  A black bear (D:5)
  A hound (D:4)
  A gnoll (D:1)
  A dart slug (D:1)
  2 bats
  A giant cockroach (D:1)
  3 goblins
  4 hobgoblins (D:1)
  A quokka (D:1)
  A ball python (D:1)
  4 frilled lizards
  3 kobolds
  6 rats
30 creatures vanquished.

Notes
Turn   | Place    | Note
-------+----------+-------------------------------------------
     0 | D:5      | fly the Kobold Delver began the quest for the Orb.
     0 | D:5      | Reached XP level 1. HP: 14/14 MP: 1/1
    48 | D:5      | Noticed a black bear
    51 | D:5      | Killed a black bear
    52 | D:5      | Reached skill level 7 in Stealth
    52 | D:5      | Reached XP level 2. HP: 19/19 MP: 2/2
    52 | D:5      | Reached XP level 3. HP: 23/23 MP: 3/3
    52 | D:5      | Reached XP level 4. HP: 28/28 MP: 4/4
   111 | D:4      | Found an ornate altar of the Wu Jian Council.
   116 | D:4      | Reached skill level 5 in Short Blades
   116 | D:4      | Reached skill level 8 in Stealth
   116 | D:4      | Reached XP level 5. HP: 32/32 MP: 5/5
   121 | D:4      | Found a hide-covered altar of Uskayaw.
   121 | D:4      | Noticed an ice beast
   127 | D:4      | Became a worshipper of Uskayaw the Reveller
   142 | D:4      | Found a shimmering blue altar of Sif Muna.
   259 | D:3      | Noticed Sigmund
   267 | D:3      | Reached * piety under Uskayaw
   269 | D:3      | Killed Sigmund
   269 | D:3      | Reached ** piety under Uskayaw
   270 | D:3      | Reached skill level 9 in Stealth
   270 | D:3      | Reached XP level 6. HP: 20/37 MP: 6/6
   530 | D:2      | Noticed Jessica
  1507 | D:2      | HP: 1/37 [Jessica/+7 spectral club (9)]
  1513 | D:2      | HP: 1/37 [Jessica/+7 spectral club (9)]
  1513 | D:2      | Mangled by a +7 spectral club

Illustrated notes

Levels and vault maps discovered:
D:1:      dpeg_arrival_long_road, layout_basic, minmay_tree_intersection,
          minmay_tall_x
D:2:      layout_basic, serial_aquarium, aquarium_bridge_square
          [aquarium_subvault_wall, aquarium_subvault_bridge,
          aquarium_subvault_wall, aquarium_subvault_window],
          aquarium_window_fake, aquarium_window_1, aquarium_view_2c,
          aquarium_view_2a, aquarium_pool_four, serial_shops, shop, shop,
          nicolae_lakefront_shop, nicolae_square_shop, shop, uniq_jessica
D:3:      minmay_chambers_of_twos, layout_basic, minmay_misc_feat_nine_boxes,
          uniq_sigmund
D:4:      layout_loops_ring, overflow_temple_1_default, tgw_trog,
          jmf_multi_god_temple2
D:5:      layout_loops_ring, minmay_temple_entry_arrows, serial_shops,
          nicolae_book_shop_shelving, shop, abandoned_shop,
          minmay_fire_ice_demons, uniq_prince_ribbit1, uniq_pikel,
          uniq_menkaure, uniq_duvessa

Skill      XL: |  1  2  3  4  5 |
---------------+----------------+-----
Short Blades   | 4 5 6 |  6.4
Stealth        | 7 8 9 |  9.2
Fighting       | |  3.2
Dodging        | |  2.4

Action                     |  1- 3 |  4- 6 || total
---------------------------+-------+-------++-------
  Melee: Short sword       |     2 |    71 ||    73
         Quarterstaff      |       |     4 ||     4
    Use: Potion            |       |     2 ||     2
         Scroll            |       |     3 ||     3
   Stab: Sleeping          |     1 |    14 ||    15
 Armour: Leather armour    |       |    35 ||    35
  Dodge: Dodged            |       |    48 ||    48

Table legend: (Time is in decaauts)
 A = Elapsed time spent in this place.
 B = Non-inter-level travel time spent in this place.
 C = Inter-level travel time spent in this place.
 D = Time resting spent in this place.
 E = Time spent auto-exploring this place.
 F = Levels seen in this place.
 G = Mean time per level.
                   A        B        C        D        E       F      G
               +--------+--------+--------+--------+--------+-----+--------+
         Total |   1472 |   1438 |     34 |      0 |   1153 |   5 |  294.4 |
       Dungeon |   1472 |   1438 |     34 |      0 |   1153 |   5 |  294.4 |
               +--------+--------+--------+--------+--------+-----+--------+

Top non-repeatable levels by time:
     D:1: 781 daAuts
     D:2: 272 daAuts
     D:3: 212 daAuts
     D:4: 132 daAuts
     D:5: 73 daAuts
